 Dungeon Crawl Stone Soup version 0.30-a0-630-g881e3bac89 (webtiles) character file.

Game seed: 5840406790052664987

74 BaabKaare the Ruffian (level 4, 0/35 HPs)
             Began as a Draconian Transmuter on Jan 13, 2023.
             Killed by divine providence
             ... invoked by an orc priest
              (15 damage)
             ... on level 2 of the Dungeon.
             The game lasted 00:06:30 (4020 turns).

BaabKaare the Ruffian (Draconian Transmuter)        Turns: 4020, Time: 00:06:31

Health: 0/35       AC:  2    Str: 14    XL:     4   Next: 9%
Magic:  4/7        EV: 19    Int: 13    God:
Gold:   50         SH:  0    Dex: 17    Spells: 2/8 levels left

rFire   . . .      SeeInvis .      - Unarmed
rCold   . . .      Faith    +    (shield currently unavailable)
rNeg    . . .      Spirit   .    (body armour unavailable)
rPois   x          Reflect  .    (helmet currently unavailable)
rElec   .          Harm     .    (cloak currently unavailable)
rCorr   .          Rampage  .    (gloves currently unavailable)
Will    .....                    (boots currently unavailable)
Stlth   ++                       h - amulet of faith
HPRegen 0.25/turn                (no ring)
MPRegen 0.10/turn                (no ring)

@: spider-form (expiring)
A: venomous fangs, AC +5, tiny, unfitting armour, (cold-blooded)
a: End Transformation


You were on level 2 of the Dungeon.
You were a venomous arachnid creature.
You visited 1 branch of the dungeon, and saw 3 of its levels.

You collected 50 gold pieces.

Inventory:

Armour
 k - a +1 pair of gloves (melded)
Jewellery
 h - an amulet of faith (around neck)
Scrolls
 b - a scroll of enchant weapon {unknown}
 c - a scroll of fear {unknown}
 d - 2 scrolls of identify {unknown}
 e - a scroll of immolation {unknown}
 g - a scroll of vulnerability {unknown}
 l - a scroll of fog {unknown}
 o - a scroll of torment {unknown}
Potions
 a - 2 potions of lignification
 f - a potion of curing {unknown}
 i - a potion of heal wounds {unknown}
 j - a potion of flight {unknown}
 m - a potion of degeneration {unknown}
 n - a potion of resistance {unknown}


   Skills:
 + Level 1.3 Fighting
 + Level 2.2 Dodging
 + Level 0.6 Stealth
 + Level 3.7 Unarmed Combat
 + Level 2.5 Spellcasting
 + Level 2.6 Transmutations
 + Level 0.1 Poison Magic


You had 2 spell levels left.
You knew the following spells:

 Your Spells              Type           Power      Damage    Failure   Level
a - Beastly Appendage     Tmut           16%        N/A       22%         1
b - Wereblood             Tmut           8%         N/A       28%         2
c - Spider Form           Tmut/Pois      5%         N/A       61%         3

Your spell library contained the following spells:

 Spells                   Type           Power      Damage    Failure   Level
 Necrotise                Necr           4%         1d4       45%         1
 Vampiric Draining        Necr           1%         2d6       78%         3
 Ice Form                 Ice/Tmut       5%         N/A       92%         4
 Agony                    Necr           1%         N/A       100%        5


Dungeon Overview and Level Annotations

Branches:
Dungeon (3/15)

Altars:

Shops:
D:2 [


Innate Abilities, Weirdness & Mutations

You are a venomous arachnid creature.
You have venomous fangs.
You are tiny and dextrous.
Your spellcasting is less reliable in this form.
Your armour is entirely melded.
You are incapable of wielding weapons or throwing items.
((Your plain brown scales are hard. (AC +5)))
You cannot fit into any form of body armour.
((You are cold-blooded and may be slowed by cold attacks.))


Message History

The hobgoblin moves out of view.
An orc priest comes into view. It is wielding a +0 short sword.
The orc priest shouts!
You hear a shout!
An orc comes into view. It is wielding a +0 dagger.
An orc comes into view. It is wielding a +0 flail.
You see here 7 gold pieces.
The orc priest invokes the aid of Beogh against you.
Beogh smites you!
The orc priest looks braver for a moment.
The orc shouts!
You see here 7 gold pieces.
You now have 50 gold pieces (gained 7).
The orc priest looks encouraged for a moment.
An orc priest comes into view. It is wielding a +4 dagger.
The orc priest begins to cast a cantrip, but forgets the words!
Casting: Spider Form (quite dangerous; 38% risk of failure)
Confirm with . or Enter, or press ? or * to list all spells.
The spell is quite dangerous to miscast (38% risk of failure)!
Continue anyway?
You turn into a venomous arachnid creature.
Your +1 pair of gloves melds into your body.
You hit the hobgoblin.
The hobgoblin is poisoned.
The hobgoblin is severely wounded.
The hobgoblin completely misses you.
You hit the hobgoblin.
You kill the hobgoblin!
You start resting.
Your transformation is almost over.
An orc priest is nearby!
The orc priest hits you with a +0 short sword.
You hit the orc priest.
The orc priest is poisoned.
The orc priest is lightly wounded.
You hit the orc.
The orc is poisoned.
The orc is heavily wounded.
The orc priest closely misses you. The orc hits you with a +0 flail.
You hit the orc priest.
The orc priest looks as sick as possible!
The orc priest is heavily wounded.
The orc priest mumbles some strange prayers to Beogh against you.
Beogh smites you!
You die...

#..####.#............
#.......o............
#.................8.
#.###..............
#..........<.....#
#####.#.###.##.....
#.#o# #.# ..###
#.#o###.##..#
#.#os........
#.###################
#.#......>...........
#.#.#################
#.#.# #.#.# #...#
#.#.# #.#.#


You could see 2 orc priests and an orc (very poisoned).

Vanquished Creatures
  2 adders (D:2)
  A dart slug (D:3)
  6 endoplasms
  2 giant cockroaches
  7 goblins
  4 hobgoblins
  8 jackals (D:1)
  5 ball pythons
  4 bats
  A frilled lizard (D:1)
  3 kobolds
  8 rats
51 creatures vanquished.

Notes
Turn   | Place    | Note
-------+----------+-------------------------------------------
     0 | D:1      | BaabKaare the Draconian Transmuter began the quest for the
                  | Orb.
     0 | D:1      | Reached XP level 1. HP: 16/16 MP: 3/3
   712 | D:1      | Reached XP level 2. HP: 23/23 MP: 3/5
   716 | D:1      | Learned a level 2 spell: Wereblood
  1085 | D:1      | Reached XP level 3. HP: 28/28 MP: 6/6
  2860 | D:1      | Learned a level 3 spell: Spider Form
  3569 | D:2      | Reached XP level 4. HP: 32/35 MP: 3/7
  3982 | D:2      | Found Miskeig's Antique Armour Emporium.
  4020 | D:2      | Killed from afar by an orc priest

Illustrated notes

Levels and vault maps discovered:
D:1:      mainiacjoe_arrival_reflecting_pool, layout_loops_corners
D:2:      cheibrodos_pilgrimage, layout_basic, basic_altar, serial_shops, shop,
          minmay_tromino_v2
D:3:      layout_basic, hangedman_decor_clover_reticule, st_stairs_4,
          nrook_mini_backslash, minmay_misc_feat_five

Skill      XL: |  1  2 |
---------------+-------+-----
Dodging        | 2 |  2.2
Fighting       | |  1.3
Stealth        | |  0.6
Unarmed Combat | |  3.7
Spellcasting   | |  2.5
Transmutations | |  2.6
Poison Magic   | |  0.1

Action                   |  1- 3 |  4- 6 || total
-------------------------+-------+-------++-------
Melee: Unarmed           |   137 |    11 ||   148
       Kick              |    22 |       ||    22
       Tailslap          |    12 |     1 ||    13
       Headbutt          |     5 |       ||     5
       Punch             |     5 |       ||     5
 Cast: Beastly Appendage |    31 |     1 ||    32
       Spider Form       |     4 |     3 ||     7
       Wereblood         |     2 |       ||     2
 Stab: Sleeping          |     2 |       ||     2
Armor: Skin              |    43 |       ||    43
Dodge: Dodged            |    92 |     7 ||    99

Table legend: (Time is in decaauts)
 A = Elapsed time spent in this place.
 B = Non-inter-level travel time spent in this place.
 C = Inter-level travel time spent in this place.
 D = Time resting spent in this place.
 E = Time spent auto-exploring this place.
 F = Levels seen in this place.
 G = Mean time per level.
                   A        B        C        D        E       F      G
               +--------+--------+--------+--------+--------+-----+--------+
         Total |   4019 |   3985 |     34 |   2288 |   1039 |   3 | 1339.7 |
       Dungeon |   4019 |   3985 |     34 |   2288 |   1039 |   3 | 1339.7 |
               +--------+--------+--------+--------+--------+-----+--------+

Top non-repeatable levels by time:
     D:1: 2767 daAuts
     D:2: 1229 daAuts
     D:3: 23 daAuts
